 Dungeon Crawl Stone Soup version 0.31-a0-1204-ge2c1a860ed (webtiles) character file.

Game seed: 17752306972249179704

100 LeprechaunX the Changeling (level 4, -4/29 HPs)
             Began as an Octopode Shapeshifter on Dec 12, 2023.
             Slain by Sigmund
             ... wielding a +0 scythe
              (11 damage)
             ... while paralysed by Grinder
             ... on level 3 of the Dungeon.
             The game lasted 00:01:58 (1462 turns).

LeprechaunX the Changeling (Octopode Shapeshifter)  Turns: 1462, Time: 00:01:58

Health: -4/29      AC:  1    Str: 13    XL:     4   Next: 74%
Magic:  4/4        EV:  2    Int: 12    God:
Gold:   138        SH:  0    Dex: 13    Spells: 3/3 levels left

rFire   . .          .
                       - Unarmed
rCold   . . .        d - +0 buckler
rNeg    . . .        (helmet currently unavailable)
rPois   .            (no amulet)
rElec   .            (no ring)
rCorr   .            (no ring)
SInv    .            (no ring)
Will    .....        (no ring)
Stlth   ++           (no ring)
HPRegen 0.24/turn    (no ring)
MPRegen 0.09/turn    (no ring)
                     (no ring)

%: no passive effects
@: paralysed, beast-form
A: beast (slay +2), almost no armour, amphibious, 8 rings, camouflage 1,
gelatinous body 1, (nimble swimmer 1), tentacles
a: Begin Untransformation


You were on level 3 of the Dungeon.
You were a hulking beast.
You visited 1 branch of the dungeon, and saw 3 of its levels.

You collected 138 gold pieces.

Inventory:

Armour
 d - a +0 buckler (worn)
Jewellery
 f - an amulet of faith
Talismans
 b - a beast talisman
 c - a flux talisman
Scrolls
 g - a scroll of identify {unknown}
 j - 3 scrolls of poison {unknown}
Potions
 a - a potion of lignification
 e - 2 potions of berserk rage {unknown}
 h - a potion of enlightenment {unknown}
 i - a potion of ambrosia {unknown}
 k - a potion of heal wounds {unknown}
 l - a potion of haste {unknown}
 m - a potion of curing {unknown}


   Skills:
 + Level 2.1 Fighting
 - Level 2.0 Dodging
 + Level 1.2 Shields
 + Level 3.5 Unarmed Combat
 * Level 4.0 Shapeshifting


You had 3 spell levels left.
You didn't know any spells.
Your spell library was empty.

Dungeon Overview and Level Annotations

Branches:
Dungeon (3/15)

Altars:
Wu Jian

Annotations:
D:3 2 transporters, Grinder, Sigmund


Innate Abilities, Weirdness & Mutations

You are a hulking beast.
Your limbs bulge with bestial killing power. (Slay +2)
You cannot wear most types of armour.
You are amphibious.
You can wear up to eight rings at the same time.
Your skin changes colour to match your surroundings (Stealth+).
Your rubbery body absorbs attacks. (AC +1, EV +1)
((You are camouflaged when in or above water. (Stealth+)))
You have tentacles for arms and can constrict up to eight enemies at once.


Message History

A ball python is nearby!
The ball python hisses angrily.
You bludgeon the ball python!
You kill the ball python!
No target in view!
No target in view!
No target in view!
No target in view!
No target in view!
No target in view!
No target in view!
No target in view!
No target in view!
No target in view!
No target in view!
No target in view!
Found a spear.
Grinder comes into view.
Grinder is nearby!
Grinder is nearby!
Grinder shouts!
Sigmund the Dreaded comes into view.
He is wielding a +0 scythe.
Grinder blinks!
Grinder gestures at you.
You barely resist. You closely miss Grinder.
Sigmund shouts!
Your grab misses Grinder. You squeeze Grinder.
Grinder is lightly wounded.
You hear an angry hiss.
You hear a shout!
Sigmund gestures wildly while chanting.
Sigmund flickers and vanishes!
Deactivating autopickup; reactivate with Ctrl-A.
Grinder gestures at you.
You suddenly lose the ability to move!
Something hits you. Grinder hits you!
You writhe in agony.
Grinder hits you.
You writhe in agony.
* * * LOW HITPOINT WARNING * * *
Something hits you!
You die...

#..# #..# ###..#
#....# # #....#
.#
####...)##.###.#
#...?...........
#....#..h5......
#.........{....#
####...#####....
#...# ### #...#
###.# #.# #.#
#.#


You could see Grinder.

Vanquished Creatures
  3 adders
  3 worms (D:2)
  2 dart slugs
  6 ball pythons
  10 endoplasms
  3 giant cockroaches
  3 hobgoblins
  4 jackals (D:1)
  2 quokkas (D:1)
  6 bats
  3 frilled lizards (D:2)
  5 goblins
  5 kobolds (D:1)
  3 rats
58 creatures vanquished.

Notes
Turn   | Place    | Note
-------+----------+-------------------------------------------
     0 | D:1      | LeprechaunX the Octopode Shapeshifter began the quest for
                  | the Orb.
     0 | D:1      | Reached XP level 1. HP: 13/13 MP: 1/1
    86 | D:1      | Reached XP level 2. HP: 12/18 MP: 2/2
   113 | D:1      | You fall into a shaft and drop 1 floor!
   350 | D:1      | Reached XP level 3. HP: 23/23 MP: 3/3
  1016 | D:2      | Reached XP level 4. HP: 29/29 MP: 4/4
  1109 | D:2      | Reached skill level 1 in Shields
  1363 | D:3      | Found an ornate altar of the Wu Jian Council.
  1365 | D:3      | Noticed a water moccasin
  1368 | D:3      | Found a transporter.
  1368 | D:3      | Noticed a black bear
  1369 | D:3      | Noticed a bullfrog
  1379 | D:3      | Found a transporter.
  1383 | D:3      | Reached skill level 4 in Shapeshifting
  1453 | D:3      | Noticed Grinder
  1456 | D:3      | Noticed Sigmund
  1459 | D:3      | Paralysed by Grinder for 4 turns
  1462 | D:3      | Slain by Sigmund

Illustrated notes

Levels and vault maps discovered:
D:1:      wander_arrival_estate, layout_loops_ring, corexii_leaking_fountain
D:2:      layout_rooms
D:3:      layout_loops_ring, gammafunk_temple_overflow_arena, serial_shops,
          shop, st_stairs_3, uniq_grinder, uniq_sigmund, uniq_natasha

Skill      XL: |  1  2  3  4 |
---------------+-------------+-----
Fighting       | 2 |  2.1
Shields        | 1 |  1.2
Shapeshifting  | 4 |  4.0
Dodging        | |  2.0
Unarmed Combat | |  3.5

Action                     |  1- 3 |  4- 6 || total
---------------------------+-------+-------++-------
  Melee: Unarmed           |    77 |    21 ||    98
         Constrict         |    17 |     7 ||    24
         Tentacles         |    14 |     3 ||    17
         Punch             |     3 |     1 ||     4
   Stab: Sleeping          |     8 |     1 ||     9
 Armour: Skin              |    29 |    10 ||    39
  Dodge: Dodged            |    28 |    11 ||    39
  Block: Buckler           |     7 |     3 ||    10

Table legend: (Time is in decaauts)
 A = Elapsed time spent in this place.
 B = Non-inter-level travel time spent in this place.
 C = Inter-level travel time spent in this place.
 D = Time resting spent in this place.
 E = Time spent auto-exploring this place.
 F = Levels seen in this place.
 G = Mean time per level.
                   A        B        C        D        E       F      G
               +--------+--------+--------+--------+--------+-----+--------+
         Total |   1460 |   1415 |     45 |     46 |   1058 |   3 |  486.7 |
       Dungeon |   1460 |   1415 |     45 |     46 |   1058 |   3 |  486.7 |
               +--------+--------+--------+--------+--------+-----+--------+

Top non-repeatable levels by time:
     D:1: 832 daAuts
     D:2: 521 daAuts
     D:3: 105 daAuts
